[Event "Late-Titled-Tuesday-Blitz-April-02-2024"]
[Site "Chess.com"]
[Date "2024.04.02"]
[Round "5"]
[White "newauto"]
[Black "Jaka_Brilej"]
[Result "0-1"]
[WhiteElo "2202"]
[BlackElo "2566"]
[TimeControl "180+1"]
[EndTime "14:53:45 PDT"]
[Termination "Jaka_Brilej won by checkmate"]

1. d4 Nf6 2. Nf3 g6 3. Bg5 Bg7 4. Nbd2 O-O 5. e4 d6 6. Bd3 Nc6 7. c3 e5 8. O-O Bg4 9. h3 Bxf3 10. Nxf3 h6 11. Bh4 Qe7 12. dxe5 dxe5 13. Qb3 b6 14.
Rad1 Rad8 15. Qa4 Qc5 16. Bb5 Ne7 17. Bd3 g5 18. Bg3 Ng6 19. Bc4 Nh5 20. Bh2 Nhf4 21.
Rxd8 Rxd8 22. Bb3 a5 23. Rd1 Qe7 24. Qc6 Rxd1+ 25. Bxd1 Qd8 26. Bb3 Nf8 27. Bxf4 exf4 28. e5 Qe7 29. Qd5 Ne6 30. Nd4 Nc5 31. Nf5 Qf8 32. Bc2 Ne6 33. Qd7 Bxe5 34. Ne7+ Kh8 35.
Qd3 Qg7 36. Nf5 Qf6 37. Nd4 Kg7 38. Qh7+ Kf8 39. Nc6 Ke8 40. Nxe5 Qxe5 41. Qxh6 Qe1+ 42. Kh2 Qxf2 43. Qh8+ Ke7 44. Bb3 Qg3+ 45. Kg1 Qe3+ 46. Kh2 Qg3+ 47. Kg1 f3 48. Kf1 Qxg2+ 49. Ke1 Qe2# 0-1

[Event "Late-Titled-Tuesday-Blitz-April-02-2024"]
[Site "Chess.com"]
[Date "2024.04.02"]
[Round "5"]
[White "GMKrikor"]
[Black "Sargsyan_Shant"]
[Result "0-1"]
[WhiteElo "2876"]
[BlackElo "2956"]
[TimeControl "180+1"]
[EndTime "14:53:46 PDT"]
[Termination "Sargsyan_Shant won on time"]

1. Nf3 g6 2. e4 Nf6 3. e5 Nh5 4.
d4 d6 5. Be2 Bg7 6. O-O dxe5 7.
Nxe5 Bxe5 8. dxe5 Qxd1 9. Rxd1 Nc6 10. f4 Ng7 11. Be3 h5 12. Nc3 Bg4 13. Kf2 a6 14. h3 Bxe2 15. Kxe2 h4 16. Kf3 Nf5 17. Bf2 Rd8 18. Rxd8+ Nxd8 19. Ne4 Ne6 20. Rd1 b6 21. Rd3 a5 22. a4 O-O 23. Rd7 Rc8 24. c3 Kf8 25.
Rd1 Rb8 26. c4 Ke8 27. Kg4 c6 28. Nc3 Rb7 29. Kf3 Nc5 30. Rd2 Nb3 31. Rd1 Nc5 32.
Rd2 Ne6 33. Kg4 Kf8 34. Kf3 f6 35. exf6 exf6 36. Rd1 Kf7 37. Ne4 b5 38. axb5 cxb5 39. c5 a4 0-1

[Event "Late-Titled-Tuesday-Blitz-April-02-2024"]
[Site "Chess.com"]
[Date "2024.04.02"]
[Round "5"]
[White "FrankDux44"]
[Black "Sina_Movahed"]
[Result "0-1"]
[WhiteElo "2701"]
[BlackElo "2971"]
[TimeControl "180+1"]
[EndTime "14:53:46 PDT"]
[Termination "Sina_Movahed won by resignation"]

1. d4 Nf6 2. Bg5 d5 3. Nd2 c5 4. c3 Nc6 5. e3 cxd4 6. exd4 Bf5 7. Qb3 Qc7 8. Bxf6 gxf6 9. Qxd5 e6 10. Qf3 Bh6 11. Bb5 O-O-O 12. Bxc6 Bxd2+ 13. Kxd2 bxc6 14. Ne2 Qb6 15. b3 Rhg8 16. h3 Rd5 17. Rhc1 Qc7 18. c4 Rd7 19. Kc3 Qa5+ 20. Kb2 Qd2+ 21. Ka3 Rd6 22. g4 Rg5 23. Qf4 Qxf4 24. Nxf4 Rxd4 25.
Ne2 Rd2 26. Ng3 Bg6 27. f4 Ra5+ 28. Kb4 Rdxa2 29. Rxa2 Rxa2 30. f5 a5+ 31. Kc5 Rg2 32. fxg6 hxg6 33. Ne4 f5 34. Nd6+ Kc7 35. Nxf7 f4 36. Ne5 Re2 37. Kd4 c5+ 38. Kxc5 Rxe5+ 39. Kd4 Re2 40. Ra1 e5+ 41. Kd3 f3 42. Rxa5 e4+ 43. Kd4 f2 44. Ra7+ Kd8 45. Rf7 e3 0-1

[Event "Late-Titled-Tuesday-Blitz-April-02-2024"]
[Site "Chess.com"]
[Date "2024.04.02"]
[Round "5"]
[White "Shahdad2007"]
[Black "FREZZY23"]
[Result "1-0"]
[WhiteElo "2587"]
[BlackElo "2417"]
[TimeControl "180+1"]
[EndTime "14:53:47 PDT"]
[Termination "Shahdad2007 won by checkmate"]

1. Nf3 Nf6 2. c4 g6 3. g3 Bg7 4. Bg2 O-O 5. O-O d6 6. d4 Nc6 7. b3 a6 8. Bb2 Rb8 9. Nc3 b5 10. c5 b4 11. Na4 Ne4 12. Qc2 d5 13. Rad1 Bd7 14. Ne5 Nxe5 15. Bxe4 Bxa4 16. dxe5 Bc6 17. Bg2 e6 18. e4 Re8 19. Rd2 Qc8 20. exd5 exd5 21. Bxd5 Bxd5 22. Rxd5 c6 23. Rd6 Bxe5 24. Bxe5 Rxe5 25. Rfd1 Qg4 26. R6d4 Qf3 27. Rf4 Qh5 28. Rd7 Rxc5 29. Qd2 Rf5 30. Rd8+ Rxd8 31. Qxd8+ Kg7 32.
Qd4+ Kh6 33. Rh4 Qxh4 34. Qxh4+ Kg7 35. Qxb4 c5 36. Qc3+ f6 37. Kg2 Re5 38. Qc4 Kh6 39. Qxa6 Re4 40. Qd3 Re5 41. Qd2+ g5 42. a4 Kg6 43. a5 c4 44. bxc4 Rc5 45. a6 Kg7 46. a7 Rc8 47. Qd7+ Kg6 48. Qxc8 Kh5 49. a8=Q h6 50. Qh3+ Kg6 51. Qe8+ Kg7 52. Qhd7# 1-0

[Event "Late-Titled-Tuesday-Blitz-April-02-2024"]
[Site "Chess.com"]
[Date "2024.04.02"]
[Round "5"]
[White "Pingah9"]
[Black "emeli_chess"]
[Result "0-1"]
[WhiteElo "2568"]
[BlackElo "2430"]
[TimeControl "180+1"]
[EndTime "14:53:48 PDT"]
[Termination "emeli_chess won by resignation"]

1. e4 e5 2. Nf3 Nc6 3. Bb5 a6 4. Ba4 Nf6 5. d3 b5 6. Bb3 Be7 7. c3 d6 8. O-O O-O 9. h3 Na5 10. Bc2 c5 11. Nbd2 Bb7 12. Re1 Re8 13. Nf1 Bf8 14. Ng3 d5 15. Bg5 h6 16. Bd2 c4 17.
Qe2 cxd3 18. Bxd3 Nc4 19. Bc1 dxe4 20. Nxe4 Nxe4 21. Bxe4 Bxe4 22. Qxe4 Qd7 23. b3 f5 24. Qh4 e4 25. Nd4 Ne5 26. a4 b4 27. Bd2 Nd3 28. Red1 Be7 29. Qh5 Bf6 30. Nxf5 bxc3 31. Bxh6 gxh6 32.
Qg6+ Bg7 33. Nxh6+ Kh8 34. Nf7+ Kg8 35. Ng5 c2 36.
Rf1 Rac8 37. Nxe4 Qe6 38. Nf6+ Qxf6 39. Qxd3 Qxa1 40. Qd5+ Kf8 41. Rxa1 Bxa1 42. Qf5+ Ke7 43. Qe4+ Kd7 44. Qf5+ Re6 45. Qh7+ Kd6 46. Qd3+ Ke7 47. Qh7+ Ke8 48. Qh8+ Bxh8 0-1

[Event "Late-Titled-Tuesday-Blitz-April-02-2024"]
[Site "Chess.com"]
[Date "2024.04.02"]
[Round "5"]
[White "ViIIagra"]
[Black "Kazan28"]
[Result "1-0"]
[WhiteElo "2900"]
[BlackElo "2657"]
[TimeControl "180+1"]
[EndTime "14:53:49 PDT"]
[Termination "ViIIagra won on time"]

1. g3 d6 2. Bg2 e5 3. d3 Be7 4. f4 exf4 5. Bxf4 d5 6. Nf3 Nf6 7. O-O O-O 8. Nc3 Nc6 9. e4 Bc5+ 10. Kh1 dxe4 11. Nxe4 Nxe4 12. dxe4 Bb6 13. c3 Bg4 14. Qb3 Be6 15. Qc2 Qe7 16. e5 h6 17. Rae1 Rfd8 18. Nh4 Bd5 19. e6 Bxg2+ 20. Kxg2 fxe6 21. Bxh6 gxh6 22. Qg6+ Qg7 23. Qxe6+ Kh8 24. Ng6+ Kh7 25. Rf7 Rd2+ 26. Kh3 Rd6 27. Rxg7+ Kxg7 28. Qf5 Rxg6 29. Rd1 Rd6 30. Rxd6 cxd6 31. Qd7+ Kg6 32. Qxb7 Rf8 33. Qxc6 Rf2 34. Qxd6+ Kg7 35. c4 Rc2 36. Qe7+ Kg8 37. Qe6+ Kg7 38. Qe5+ Kg8 39. Qd5+ Kg7 40. b4 Bg1 41. c5 h5 42.
Qg5+ Kh7 43. Qf5+ Kg7 44. Qxc2 1-0

[Event "Late-Titled-Tuesday-Blitz-April-02-2024"]
[Site "Chess.com"]
[Date "2024.04.02"]
[Round "5"]
[White "ProfessorChess101"]
[Black "Viktoker"]
[Result "0-1"]
[WhiteElo "2764"]
[BlackElo "2522"]
[TimeControl "180+1"]
[EndTime "14:53:49 PDT"]
[Termination "Viktoker won by checkmate"]

1. d4 f5 2. Nc3 Nf6 3. Bg5 d5 4. Bxf6 exf6 5. e3 Be6 6. h4 Qd7 7. Nh3 Nc6 8. Bd3 g6 9. Qf3 O-O-O 10. a3 Bd6 11. O-O-O Ne7 12. Nb5 Kb8 13. Nxd6 Qxd6 14. Nf4 Bf7 15. h5 g5 16. Ne2 Be6 17. Ng3 Qd7 18. h6 Rhe8 19. Nh5 Rf8 20. Ng7 Rc8 21. Kb1 Ka8 22. Qe2 Bf7 23. g4 fxg4 24. Bxh7 f5 25. Qd3 Be6 26. Rh5 Rh8 27. Bxf5 Bxf5 28. Qd2 Be4 29.
Rg1 Nf5 30. Rxg5 Rxh6 31. R5xg4 Nd6 32. b3 a6 33. R4g3 Qb5 34. Ka1 c5 35. f3 Bh7 36.
e4 dxe4 37. Qxh6 cxd4 38. Qxd6 d3 39. cxd3 exd3 40. Qb4 Qe5+ 41. Kb1 d2+ 42. Qe4 Bxe4+ 43. fxe4 Qxe4+ 44. Kb2 Qc2+ 45. Ka1 d1=Q+ 46. Rxd1 Qxd1+ 47. Kb2 Qd2+ 48. Kb1 Rc1# 0-1

[Event "Late-Titled-Tuesday-Blitz-April-02-2024"]
[Site "Chess.com"]
[Date "2024.04.02"]
[Round "5"]
[White "Manukyan_Artak"]
[Black "CURRUTACO59"]
[Result "1/2-1/2"]
[WhiteElo "2521"]
[BlackElo "2262"]
[TimeControl "180+1"]
[EndTime "14:53:49 PDT"]
[Termination "Game drawn by repetition"]

1. e4 e5 2. Nf3 Nc6 3. d4 exd4 4. Nxd4 Bc5 5. Nxc6 Qf6 6. Qd2 bxc6 7. Qf4 d6 8.
Nc3 Qe7 9. Bd3 Nf6 10. Be3 Bxe3 11. Qxe3 O-O 12. O-O Re8 13. Rae1 c5 14. Nd5 Nxd5 15. exd5 Qxe3 16. Rxe3 Bb7 17. c4 Rxe3 18. fxe3 Re8 19.
e4 f6 20. Kf2 Ba6 21. Ke3 Rb8 22. b3 Bc8 23. Kd2 a5 24. Kc3 Bd7 25. Bc2 h6 26. a3 Kf7 27. Rb1 Ke7 28. b4 axb4+ 29. axb4 cxb4+ 30. Rxb4 Rxb4 31. Kxb4 c5+ 32. Ka5 Bg4 33. Bd3 Bd1 34.
Kb6 g5 35. g3 h5 36. h4 g4 37.
Kc7 Ba4 38. Kb6 Bd1 39. Kb7 Bf3 40. Kc7 Bd1 41. Kc6 Ba4+ 42. Kb6 Kd7 43. Kb7 Bd1 44. Kb6 Ba4 45. Kb7 Ke7 46. Kc8 Bd7+ 47. Kc7 Ba4 48. Kb6 1/2-1/2

[Event "Late-Titled-Tuesday-Blitz-April-02-2024"]
[Site "Chess.com"]
[Date "2024.04.02"]
[Round "5"]
[White "teresin05"]
[Black "Bilan_Danila"]
[Result "0-1"]
[WhiteElo "2276"]
[BlackElo "2571"]
[TimeControl "180+1"]
[EndTime "14:53:52 PDT"]
[Termination "Bilan_Danila won by resignation"]

1. e4 c6 2. d4 d5 3. Nc3 dxe4 4.
Nxe4 Bf5 5. Ng3 Bg6 6. h4 h6 7. Nf3 Nd7 8. Bd3 Bxd3 9. Qxd3 Qc7 10. Bd2 e6 11. O-O-O Bd6 12. Ne4 Ngf6 13. Nxd6+ Qxd6 14.
c4 b5 15. c5 Qd5 16. b3 Nxc5 17. Qe3 Nce4 18. Rhe1 Nxd2 19. Rxd2 O-O 20. Ne5 Qxg2 21. f3 Qh3 22. Rg1 Kh8 23. Nxc6 Rac8 24. Rc2 Qxh4 25. Kb2 Nd5 26. Qd2 Rc7 27. Ne5 Rxc2+ 28. Kxc2 Qf4 29. Qxf4 Nxf4 30. Rg4 Nd5 31. a3 Ne3+ 32. Kd3 Nxg4 33. fxg4 g6 34. Ke4 Kg7 35. d5 exd5+ 36. Kxd5 h5 37.
gxh5 gxh5 38. Kc5 Re8 39. Nf3 Re3 40. Nh4 Rxb3 41. Nf5+ Kf6 42. Nd4 Rxa3 43. Kxb5 h4 44. Ne2 h3 45. Nf4 h2 46. Nh5+ Kg5 47. Ng3 Rxg3 0-1

[Event "Late-Titled-Tuesday-Blitz-April-02-2024"]
[Site "Chess.com"]
[Date "2024.04.02"]
[Round "5"]
[White "BillCoe"]
[Black "Kostukov_Alex"]
[Result "0-1"]
[WhiteElo "2113"]
[BlackElo "2293"]
[TimeControl "180+1"]
[EndTime "14:53:52 PDT"]
[Termination "Kostukov_Alex won on time"]

1. e4 c5 2. Nf3 g6 3. d4 cxd4 4. Nxd4 Bg7 5. c4 Nc6 6. Be3 Nf6 7. Nc3 O-O 8. Be2 Nxd4 9. Bxd4 Qa5 10. O-O d6 11. f4 e5 12. Be3 Qb4 13. Qd2 Ng4 14. Bxg4 Bxg4 15. Rac1 Qxc4 16. Qxd6 Rad8 17. Qa3 exf4 18.
Rxf4 Be6 19. Qxa7 Qd3 20. Rcf1 Ra8 21. Qb6 Ra6 22. Qc5 Rc8 23. Rd1 Qc2 24. Qxc8+ Bxc8 25. Rd8+ Bf8 26. Rxc8 Qxb2 27. Bc5 Qc1+ 28. Rf1 Qxc3 29.
Rxf8+ Kg7 30. Rc8 Rc6 31. Rxc6 bxc6 32. Bd6 Qc4 33. e5 Qd4+ 34. Kh1 h5 35. h3 h4 36.
Kh2 g5 37. Kh1 Qd5 38. Re1 c5 39. Be7 c4 40. Bf6+ Kg6 41. Rf1 c3 42. Bh8 c2 43.
Rf6+ Kh7 44. Rf1 Qd1 0-1

[Event "Late-Titled-Tuesday-Blitz-April-02-2024"]
[Site "Chess.com"]
[Date "2024.04.02"]
[Round "5"]
[White "FredddieCroderg"]
[Black "ozates"]
[Result "0-1"]
[WhiteElo "2390"]
[BlackElo "2562"]
[TimeControl "180+1"]
[EndTime "14:53:53 PDT"]
[Termination "ozates won on time"]

1. d4 Nf6 2. c4 e6 3. Nf3 d5 4.
Nc3 Be7 5. cxd5 exd5 6. Bg5 c6 7. e3 Ne4 8. Bxe7 Qxe7 9. Qc2 O-O 10. Bd3 f5 11. Ne5 Nd7 12. f4 Ndf6 13. Nxe4 fxe4 14. Be2 Bf5 15. g4 Be6 16. g5 Nd7 17. h4 Nxe5 18. dxe5 c5 19. h5 Rad8 20. O-O b6 21. Kg2 d4 22. Bc4 d3 23. Qb3 Bxc4 24. Qxc4+ Kh8 25. Qxe4 b5 26. a4 a6 27. axb5 axb5 28. Ra6 c4 29.
h6 g6 30. Rf6 Qb4 31. e6 Qxb2+ 32. Rf2 d2 33. e7 Qxf6 34. gxf6 d1=Q 35. exf8=Q+ Rxf8 36. Qe6 Qh5 37. Kg3 g5 38. f5 Qh4+ 39. Kg2 Qxh6 40.
f7 Qg7 41. f6 Qxf7 42. Qxf7 Rxf7 43. e4 Kg8 44. e5 Rb7 45. e6 Kf8 46. Rd2 Rb8 0-1

[Event "Late-Titled-Tuesday-Blitz-April-02-2024"]
[Site "Chess.com"]
[Date "2024.04.02"]
[Round "5"]
[White "GMBenjaminBok"]
[Black "Oleg_Papayan"]
[Result "1-0"]
[WhiteElo "3014"]
[BlackElo "2705"]
[TimeControl "180+1"]
[EndTime "14:53:54 PDT"]
[Termination "GMBenjaminBok won by resignation"]

1. d4 d5 2. c4 dxc4 3. Nf3 Nf6 4. e3 e6 5. Bxc4 a6 6. O-O b5 7. Be2 Bb7 8. a4 b4 9. Nbd2 Nbd7 10. b3 c5 11. Bb2 Be7 12. Rc1 O-O 13. Nc4 Nd5 14. Nfe5 Nxe5 15. dxe5 Rc8 16. Nd6 Bxd6 17. exd6 Rc6 18.
Be5 Qg5 19. Bg3 Nc3 20. Rxc3 bxc3 21. h4 Qg6 22. d7 Qf6 23. Bf3 Rd8 24. Bxc6 Bxc6 25.
Qd6 Bxd7 26. Qxc5 h6 27. Rc1 Qf5 28. Qxf5 exf5 29. Rxc3 Be6 30. Kh2 a5 31. Rc5 Bxb3 32. Rxa5 Be6 33. Ra7 Rd2 34. a5 g5 35. hxg5 hxg5 36.
a6 f4 37. exf4 gxf4 38. Bxf4 Rxf2 39. Be3 Ra2 40. Ra8+ Kh7 41. a7 Ra3 42. Rd8 Rxa7 43. Bxa7 Bf5 44. Bd4 f6 45. Bxf6 Kg6 46. Bc3 Kf7 47.
Bd2 Ke6 48. Rd4 1-0

[Event "Late-Titled-Tuesday-Blitz-April-02-2024"]
[Site "Chess.com"]
[Date "2024.04.02"]
[Round "5"]
[White "Zhigalko_Sergei"]
[Black "manitodeplomo"]
[Result "1-0"]
[WhiteElo "2880"]
[BlackElo "2633"]
[TimeControl "180+1"]
[EndTime "14:53:58 PDT"]
[Termination "Zhigalko_Sergei won on time"]

1. e4 e5 2. Nf3 Nf6 3. d4 Nxe4 4. Bd3 Nc6 5. d5 Nc5 6. dxc6 e4 7. cxb7 Bxb7 8. Be2 exf3 9. Bxf3 Bxf3 10. Qxf3 Bd6 11. O-O O-O 12. Nc3 Re8 13. Be3 Ne6 14. Rad1 Be5 15. Rd3 c6 16. Qf5 Qc7 17. g3 g6 18. Qf3 d5 19. Na4 d4 20. Bd2 c5 21.
Bc1 c4 22. Rdd1 Rad8 23. Rfe1 Bg7 24. b3 d3 25. c3 Nc5 26. Rxe8+ Rxe8 27. Bf4 Qc8 28.
Nxc5 Qxc5 29. bxc4 Qxc4 30. Qxd3 Qxa2 31. Qd7 Qe6 32.
Qxe6 fxe6 33. Ra1 Ra8 34. Ra6 Bxc3 35. Be3 Kf7 36. Kg2 Ke7 37. Kf3 Kd7 38. Ke4 Bf6 39.
h4 h5 40. Bc5 Kc7 41. Rxe6 Bd8 42. Rxg6 a5 43. Rh6 a4 44. Ba3 1-0

[Event "Late-Titled-Tuesday-Blitz-April-02-2024"]
[Site "Chess.com"]
[Date "2024.04.02"]
[Round "5"]
[White "Kirill_Klukin"]
[Black "AmanteDeMoi"]
[Result "0-1"]
[WhiteElo "2785"]
[BlackElo "2611"]
[TimeControl "180+1"]
[EndTime "14:53:58 PDT"]
[Termination "AmanteDeMoi won by resignation"]

1. f4 g6 2. Nf3 Bg7 3. g3 d6 4. Bg2 e5 5. d3 Nc6 6. Nc3 exf4 7. Bxf4 Nge7 8. O-O O-O 9. e4 h6 10. h4 Bg4 11. Qd2 Kh7 12. Rae1 Nd4 13. Nxd4 Bxd4+ 14. Kh2 Bg7 15. e5 d5 16. Nd1 Be6 17. d4 Nf5 18.
Ne3 Nxe3 19. Qxe3 c6 20. Rf2 Qd7 21. Bf1 Rae8 22. Bd3 Bf5 23. h5 Bxd3 24. Qxd3 Qg4 25. hxg6+ fxg6 26. Ref1 Rf5 27. Qf3 Qxf3 28. Rxf3 Ref8 29.
g4 R5f7 30. Kg2 g5 31. Bd2 Rxf3 32. Rxf3 Rxf3 33. Kxf3 Kg6 34. Bb4 Kf7 35. b3 Ke6 36. Ke3 b6 37. Bd6 a6 38. c4 c5 39. Bc7 cxd4+ 40. Kxd4 dxc4 41. bxc4 b5 42. c5 Kd7 43. Kd5 Kxc7 44. a3 a5 45. e6 Bf8 46. c6 b4 47. axb4 axb4 48. e7 Bxe7 49. Kc4 0-1

[Event "Late-Titled-Tuesday-Blitz-April-02-2024"]
[Site "Chess.com"]
[Date "2024.04.02"]
[Round "5"]
[White "VD_coach"]
[Black "bascheyaro"]
[Result "0-1"]
[WhiteElo "2590"]
[BlackElo "2826"]
[TimeControl "180+1"]
[EndTime "14:54:00 PDT"]
[Termination "bascheyaro won on time"]

1. d4 d5 2. c4 c6 3. Nf3 Nf6 4.
Nc3 a6 5. e3 Bf5 6. Bd3 Bg6 7.
O-O e6 8. b3 Nbd7 9. Bb2 Bd6 10.
Re1 Qe7 11. e4 dxe4 12. Nxe4 Bxe4 13. Bxe4 Nxe4 14. Rxe4 Nf6 15. Re2 O-O 16. Qc2 Rfd8 17. Rae1 h6 18. Ne5 Bxe5 19. dxe5 Nh7 20. Qc1 Nf8 21. Ba3 c5 22. Qe3 b6 23. Qg3 Ra7 24.
h4 Rad7 25. Bc1 Rd3 26. Re3 Rd1 27. Kh2 Ng6 28. h5 Nh4 29. Qg4 Rxe1 30. Rxe1 Nf5 31. g3 Qb7 32. Rd1 Nd4 33. Bxh6 f5 34. exf6 Nf3+ 35.
Qxf3 Qxf3 36. Rxd8+ Kh7 37. fxg7 Qxf2+ 38. Kh3 Qf1+ 39.
Kh4 Qf6+ 40. Bg5 Qxg7 41. Re8 Qd4+ 42. g4 Qf2+ 43. Kh3 Qf1+ 44. Kh4 Qg2 45. Re7+ Kg8 46. Bh6 Qf2+ 47. Kg5 Qe3+ 48. Kg6 Qe4+ 49. Kf6 Qd4+ 50. Kg6 Qxg4+ 51. Kf6 Qxh5 52. Rg7+ Kh8 0-1

[Event "Late-Titled-Tuesday-Blitz-April-02-2024"]
[Site "Chess.com"]
[Date "2024.04.02"]
[Round "5"]
[White "GP9isback23"]
[Black "Balla_Tamas"]
[Result "1-0"]
[WhiteElo "2640"]
[BlackElo "2503"]
[TimeControl "180+1"]
[EndTime "14:54:00 PDT"]
[Termination "GP9isback23 won on time"]

1. d4 d5 2. Nf3 Nf6 3. c4 e6 4.
Nc3 c5 5. cxd5 exd5 6. g3 Nc6 7.
Bg2 cxd4 8. Nxd4 Bc5 9. Nxc6 bxc6 10. O-O O-O 11. Qc2 Bb6 12. Bg5 Re8 13. Rac1 Ba6 14. Bf3 h6 15. Bxf6 Qxf6 16. Na4 Bb5 17. Nc3 Ba6 18.
b3 Rac8 19. Na4 d4 20. Nb2 c5 21. Kg2 Rcd8 22. Nd3 Rc8 23. Nb2 Rcd8 24. Nc4 h5 25. Bxh5 Bb7+ 26. Kg1 d3 27. exd3 Qg5 28. Be2 Qd5 29. f3 Qd4+ 30. Rf2 Bc7 31. Qc3 Qd7 32.
Bf1 Re6 33. Rd1 Rde8 34. Qd2 Qd4 35. Qb2 Qd7 36. d4 cxd4 37. Qxd4 Qe7 38. Kg2 Ba6 39. Qc3 Bxc4 40. Bxc4 Bb6 41. Bxe6 Bxf2 42. Kxf2 Qxe6 43.
Qd3 Qb6+ 44. Qd4 Qa5 45. Qd2 Qb6+ 46. Kg2 Qf6 47. Re1 1-0

[Event "Late-Titled-Tuesday-Blitz-April-02-2024"]
[Site "Chess.com"]
[Date "2024.04.02"]
[Round "5"]
[White "Zkid"]
[Black "GlavkonVVS"]
[Result "1-0"]
[WhiteElo "2841"]
[BlackElo "2611"]
[TimeControl "180+1"]
[EndTime "14:54:03 PDT"]
[Termination "Zkid won by resignation"]

1. e4 Nf6 2. e5 Nd5 3. d4 d6 4. c4 Nb6 5. exd6 cxd6 6. Nf3 Bg4 7.
h3 Bxf3 8. Qxf3 Nc6 9. d5 Ne5 10. Qd1 g6 11. Be2 Rc8 12. Nd2 Bg7 13. O-O O-O 14.
b3 Nexc4 15. Rb1 Nxd2 16. Qxd2 Rc5 17. Bf3 Qc7 18. Qd3 Rc3 19. Qe4 Rc2 20. a4 Bf6 21.
Be2 Nd7 22. Bc4 Ra2 23. Be3 Ne5 24. Bb5 a6 25. Rfc1 Qa5 26. Bf1 b5 27. axb5 axb5 28.
f4 Nd7 29. Qd3 Rb8 30. b4 Qd8 31. Qb3 Raa8 32. Rc6 Nb6 33. Bxb5 Nc8 34. Be2 Na7 35. Ra6 Nc8 36. Qa4 Rxa6 37. Qxa6 Nb6 38. Bf3 Nd7 39. Rc1 Kg7 40. Ba7 Ra8 41. Qb7 Nf8 42. b5 Nd7 43.
Kh2 h5 44. Rc7 Nc5 45. Bxc5 dxc5 46. Rd7 Qa5 47. d6 Re8 48. dxe7 Qd2 49. Rxd2 1-0

[Event "Late-Titled-Tuesday-Blitz-April-02-2024"]
[Site "Chess.com"]
[Date "2024.04.02"]
[Round "5"]
[White "ChessSwole"]
[Black "Sanan_Sjugirov"]
[Result "0-1"]
[WhiteElo "2698"]
[BlackElo "2969"]
[TimeControl "180+1"]
[EndTime "14:54:05 PDT"]
[Termination "Sanan_Sjugirov won by checkmate"]

1. d4 Nf6 2. c4 e6 3. Nf3 b6 4. a3 Bb7 5. Bf4 Be7 6. Nc3 O-O 7. d5 d6 8. e4 Nbd7 9. Bd3 Ng4 10. O-O Bf6 11.
Rc1 Qe7 12. Re1 Nge5 13. Bf1 g6 14. Nd4 Bg7 15. Qd2 a6 16. Bg3 g5 17. f3 Ng6 18.
Nd1 Nde5 19. Ne3 h6 20. b4 Rae8 21. c5 bxc5 22. bxc5 dxc5 23. Nb3 c4 24. Na5 Ba8 25. Nexc4 exd5 26. exd5 Qd7 27. Nxe5 Bxe5 28. Red1 Bxg3 29. hxg3 Qd6 30. Kh2 Ne5 31. Qb4 Qd7 32. Bxa6 Bxd5 33. Bb5 c6 34. Ba4 Qe6 35. Qc5 Nxf3+ 36. gxf3 Qe2+ 37.
Kg1 Qxf3 38. Rxd5 Qxg3+ 39. Kf1 Qf3+ 40. Kg1 cxd5 41. Qf2 Qg4+ 42. Qg2 Qxa4 43. Nc6 Re6 44. Qxd5 Rfe8 45. Nd4 Re1+ 46. Rxe1 Rxe1+ 47. Kf2 Re8 48. Nf5 Qf4+ 49. Kg1 Re1+ 50. Kg2 Re2+ 51. Kh3 Rh2# 0-1

[Event "Late-Titled-Tuesday-Blitz-April-02-2024"]
[Site "Chess.com"]
[Date "2024.04.02"]
[Round "5"]
[White "wild3000"]
[Black "Tugrik1969"]
[Result "1-0"]
[WhiteElo "2404"]
[BlackElo "2544"]
[TimeControl "180+1"]
[EndTime "14:54:05 PDT"]
[Termination "wild3000 won on time"]

1. d4 d5 2. Nf3 Nf6 3. e3 c5 4.
Be2 g6 5. O-O Bg7 6. dxc5 O-O 7.
a3 Ne4 8. Nc3 Nxc3 9. bxc3 Na6 10. Rb1 Nxc5 11. c4 Na4 12. Bd2 Nb2 13. Qc1 Nxc4 14.
Bb4 Qc7 15. Rd1 Rd8 16. h3 a5 17. Be1 Qc5 18. a4 Bd7 19. Rxb7 Bxa4 20. Nd4 e5 21.
Nb3 Qc6 22. Bxc4 Qxb7 23. Nxa5 Qc7 24. Bxd5 Rxa5 25. Bxa5 Qxa5 26. e4 Be8 27. c4 Rc8 28. Qe3 Qc5 29. Qf3 Qe7 30. g3 Bh6 31. Kg2 Kg7 32.
Rd3 Bc6 33. Rb3 Bxd5 34. cxd5 Bg5 35. h4 Bf6 36. h5 Bg5 37. Rb6 Rd8 38. Rc6 Rd6 39.
Rc8 Rf6 40. Qg4 Bd2 41. f3 Qb7 42. Re8 Bc3 43. Qh4 1-0

[Event "Late-Titled-Tuesday-Blitz-April-02-2024"]
[Site "Chess.com"]
[Date "2024.04.02"]
[Round "5"]
[White "N_Mullodzhanov"]
[Black "Heliosis11"]
[Result "0-1"]
[WhiteElo "2550"]
[BlackElo "2420"]
[TimeControl "180+1"]
[EndTime "14:54:09 PDT"]
[Termination "Heliosis11 won by checkmate"]

1. e4 c5 2. c3 Nf6 3. e5 Nd5 4. Nf3 e6 5. d4 cxd4 6. cxd4 b6 7.
Bd2 Be7 8. h4 Ba6 9. Nc3 Nxc3 10.
Bxc3 Bxf1 11. Kxf1 d5 12. h5 h6 13. Rh3 Nc6 14. Rg3 O-O 15. Qd2 Kh7 16. Rc1 Rc8 17. Qd3+ Kh8 18. a3 b5 19. Qxb5 Qd7 20. Bd2 Nxe5 21.
Qe2 Nxf3 22. Qxf3 Rxc1+ 23. Bxc1 Rc8 24. Be3 Bf6 25. Bxh6 Bxd4 26. Qg4 Qb5+ 27. Kg1 Bxf2+ 28. Kxf2 Qxb2+ 29. Kg1 gxh6 30. Kh2 Qe5 31. a4 d4 32. a5 d3 33. Qd1 Rd8 34. Qd2 Qxh5+ 35. Rh3 Qe5+ 36.
Kh1 Qa1+ 37. Kh2 Qe5+ 38. Kh1 Kg8 39. a6 Qg5 40. Qd1 d2 41. Kh2 Qe5+ 42. Rg3+ Kh8 43. Kh3 Qf5+ 44. Kh2 Qf4 45. Kh3 Qf5+ 46. Kh2 Qe5 47.
Kh3 Qe1 48. Qf3 Qh1+ 49. Kg4 Rd4+ 50. Qf4 Rxf4+ 51. Kxf4 d1=Q 52. Rf3 Qh4+ 53. g4 Qd4# 0-1

[Event "Late-Titled-Tuesday-Blitz-April-02-2024"]
[Site "Chess.com"]
[Date "2024.04.02"]
[Round "5"]
[White "PonyQueen07"]
[Black "PotapovaM"]
[Result "0-1"]
[WhiteElo "2284"]
[BlackElo "2546"]
[TimeControl "180+1"]
[EndTime "14:54:09 PDT"]
[Termination "PotapovaM won on time"]

1. c4 Nf6 2. Nc3 g6 3. g3 Bg7 4. Bg2 O-O 5. e4 c5 6. Nge2 Nc6 7. O-O d6 8. d3 Ne8 9. Be3 Nc7 10. Qd2 Ne6 11. Bh6 Ncd4 12. Bxg7 Kxg7 13. Nxd4 Nxd4 14. Ne2 Nxe2+ 15. Qxe2 e6 16. f4 f5 17. e5 Re8 18.
Rad1 d5 19. cxd5 exd5 20. d4 c4 21. h3 Be6 22. Rd2 b5 23. a3 Rc8 24. Rc1 a5 25.
Qd1 Qd7 26. Rdc2 b4 27. axb4 axb4 28. Qd2 Qb5 29. Bf1 Qb6 30. Kh2 Rc7 31. b3 c3 32.
Qd3 Ra8 33. Qb5 Qxb5 34. Bxb5 Ra3 35. Ba4 Kf7 36. Rb1 Ke7 37. Kg2 Bc8 38. Kf2 Ba6 39.
Ke3 h5 40. h4 Rc8 41. Rcc1 c2 42. Rb2 Rc3+ 43. Kf2 Rxa4 44. bxa4 b3 45. Kg2 Rd3 46. Kh3 Bc4 47. Rbxc2 bxc2 48. Rxc2 Ra3 49. Rb2 Rb3 0-1

[Event "Late-Titled-Tuesday-Blitz-April-02-2024"]
[Site "Chess.com"]
[Date "2024.04.02"]
[Round "5"]
[White "sergiochess83"]
[Black "JoakimVonAnd"]
[Result "1-0"]
[WhiteElo "2965"]
[BlackElo "2696"]
[TimeControl "180+1"]
[EndTime "14:54:10 PDT"]
[Termination "sergiochess83 won by resignation"]

1. d4 d5 2. c4 e6 3. Nc3 Nf6 4. cxd5 exd5 5. Bg5 Be7 6. e3 c6 7.
Bd3 O-O 8. Qc2 h6 9. Bh4 Re8 10. Nge2 a5 11. Bg3 Na6 12. a3 Nc7 13. O-O Ne6 14.
a4 b6 15. Rad1 Bb7 16. f3 c5 17. Nb5 Rc8 18. Qd2 h5 19. Bf5 g6 20. Bxe6 fxe6 21.
Nf4 Kf7 22. Qd3 Rg8 23. e4 g5 24. Ne2 h4 25. Be5 Ba6 26. Bxf6 Bxf6 27. e5 Be7 28. f4 Kg7 29. fxg5 Bxg5 30. Rf7+ Kxf7 31. Qh7+ Rg7 32. Rf1+ Bf6 33. Rxf6+ Qxf6 34. Nd6+ Ke7 35. exf6+ Kxf6 36. Qxh4+ Rg5 37. Nxc8 Bxe2 38. Nd6 Bd3 39.
Qh6+ Rg6 40. Qf8+ Kg5 41. Qf3 Bf5 42. Nxf5 exf5 43. Qxd5 cxd4 44. Qxd4 Rc6 45. Qd2+ Kf6 46. h3 Re6 47. Qc3+ Ke7 48. Kh2 Rd6 49. b4 axb4 50.
Qxb4 Ke6 51. Qb5 Kf6 52. Qe8 Re6 53. Qf8+ Ke5 54. Qd8 Rd6 55. Qc7 Ke6 56. h4 Rd5 57. Qxb6+ Ke5 58. a5 Rd4 59. Qxd4+ Kxd4 60. a6 1-0